 Dungeon Sprint DCSS version 0.21-a0-297-ga3d34c2 (webtiles) character file.

135 Kidiri the Thaumaturge (level 4, -11/24 HPs)
             Began as a Deep Elf Fire Elementalist on Sept 28, 2017.
             Was an Initiate of Vehumet.
             Killed from afar by a deep elf mage (29 damage)
             ... with a bolt of cold
             ... in the Dungeon (Sprint III: "The Ten Rune Challenge").
             The game lasted 00:02:28 (430 turns).

Kidiri the Thaumaturge (Deep Elf Fire Elementalist)  Turns: 430, Time: 00:02:29

Health: -11/24     AC:  2    Str:  5    XL:     4   Next: 96%
Magic:  16/17      EV: 13    Int: 21    God:    Vehumet [......]
Gold:   37         SH:  0    Dex: 15    Spells: 9/22 levels left

rFire    . . .     SeeInvis .   t - +0 dagger
rCold    . . .     Gourm    .   (no shield)
rNeg     . . .     Faith    .   a - +0 robe
rPois    .         Spirit   .   (no helmet)
rElec    +         Reflect  .   (no cloak)
rCorr    .         Harm     .   (no gloves)
MR       .....     Clarity  +   (no boots) Stlth ++........NoTele +
                                (no amulet)
HPRegen  0.08/turn              (no ring)
MPRegen  0.15/turn              (no ring)

@: no status effects
A: clarity, electricity resistance, sturdy frame 1
a: Renounce Religion


You were in the Dungeon.
You worshipped Vehumet.
Vehumet was noncommittal.
You were not hungry.

You visited 1 branch You collected 37 gold pieces.

Inventory:

Hand Weapons
 t - a +0 dagger (weapon)
Armour
 a - a +0 robe (worn)
Scrolls
 i - a scroll of blinking
 j - 2 scrolls of identify
 m - a scroll of immolation
 n - a scroll of remove curse
 p - a scroll of holy word
Potions
 d - a potion of curing
 e - a potion of heal wounds
 f - a potion of haste
 g - 2 potions of magic
 h - a potion of berserk rage
 l - 2 potions of lignification
 q - a potion of flight
 r - 2 potions of mutation
Books
 b - a book of Flames

   Spells                             Type                      Level
   a - Flame Tongue                   Conjuration/Fire             1
   b - Throw Flame                    Conjuration/Fire             2
   c - Conjure Flame                  Conjuration/Fire             3
   d - Inner Flame                    Hexes/Fire                   3
   e - Sticky Flame                   Conjuration/Fire             4
   f - Fireball                       Conjuration/Fire             5
Comestibles
 c - a bread ration
 o - 4 fruits


   Skills:
 + Level 0.0 Fighting
 + Level 0.0 Short Blades
 + Level 0.0 Armour
 + Level 2.4 Dodging
 - Level 2.4 Stealth
 * Level 9.6 Spellcasting
 + Level 5.4 Conjurations
 + Level 6.2 Fire Magic


You had 9 spell levels left.
You knew the following spells:

 Your Spells              Type           Power        Failure   Level  Hunger
a - Flame Tongue          Conj/Fire      ####.        1%          1    None
b - Throw Flame           Conj/Fire      ####..       1%          2    None
c - Conjure Flame         Conj/Fire      ####....     1%          3    None
d - Inner Flame           Hex/Fire       ###.....     5%          3    None
e - Sticky Flame          Conj/Fire      ####....     6%          4    ##.....


Dungeon Overview and Level Annotations

Branches:
Dungeon (1/1)

Altars:
Elyvilon
Kikubaaqudgha
Sif Muna
Vehumet
Zin
The Shining One


Innate Abilities, Weirdness & Mutations

You possess an exceptional clarity of mind.
You are resistant to electric shocks. (rElec)
Your movements are slightly less encumbered by armour. (ER -2)


Message History

You close the door.
A deep elf mage opens the door.
You close the door.
A deep elf mage opens the door.
You close the door.
A deep elf mage opens the door.
You close the door.
A deep elf mage opens the door.
As you close the door, it creaks loudly!
A deep elf mage opens the door.
As you close the door, it creaks loudly!
A deep elf mage opens the door.
You close the door.
A deep elf mage opens the door.
You close the door.
A deep elf mage opens the door.
As you close the door, it creaks loudly!
A deep elf mage opens the door.
You close the door.
A deep elf mage opens the door.
You close the door.
A deep elf mage opens the door.
You close the door.
A deep elf mage opens the door.
You close the door.
A deep elf mage opens the door.
The deep elf mage gestures at you while chanting.
The bolt of cold hits you!
Ouch! That really hurt!
You die...

▓▓▓▓▓▓▓▓ ▓▓▓ .+.....♣♣
♣.##### .#......♣
♣♣.#___# ##....♣.♣
♣..#!.e#
.#....≈.♣♣♣♣.###@#+###+
.#...≈≈♣...♣.#..........
.#..≈÷≈≈♣♣...'.⌠........
'#..≈≈≈≈≈≈.♣.#...######+
.#.≈≈≈≈≈≈....#.⌠.#
.#.≈≈≈≈≈.....#...#
.#.≈≈≈.......#+###
##...........#.:.#
.............#___#


You could see a deep elf mage.

Vanquished Creatures
  A water elemental (D)
  A wizard (D)
  A human (D)
  A kobold demonologist (D)
  An ooze (D)
  A phantom (D)
  3 rats (D)
9 creatures vanquished.

Vanquished Creatures (others)
  2 draconian scorchers (D)
  6 hellions (D)
  2 yaktaurs (D)
  A plant (D)
11 creatures vanquished.

Grand Total: 20 creatures vanquished

Notes
Turn   | Place    | Note
-------+----------+-------------------------------------------
     0 | D        | Kidiri the Deep Elf Fire Elementalist began the quest for the Orb.
     0 | D        | Reached XP level 1. HP: 10/10 MP: 6/6
     4 | D        | Reached skill level 4 in Spellcasting
    36 | D        | Killed a yaktaur
   101 | D        | Reached skill level 5 in Spellcasting
   101 | D        | Reached XP level 2. HP: 15/15 MP: 6/10
   105 | D        | Learned a level 2 spell: Throw Flame
   106 | D        | Killed a hellion
   107 | D        | Killed a hellion
   123 | D        | Gained mutation: Your system is resistant to poisons. (rPois) [potion of mutation]
   123 | D        | Gained mutation: You have a pair of small horns on your head. [potion of mutation]
   124 | D        | Lost mutation: You have a pair of small horns on your head. [potion of mutation]
   124 | D        | Lost mutation: Your system is resistant to poisons. (rPois) [potion of mutation]
   124 | D        | Gained mutation: Your movements are slightly less encumbered by armour. (ER -2) [potion of mutation]
   124 | D        | Gained mutation: You are resistant to electric shocks. (rElec) [potion of mutation]
   124 | D        | Gained mutation: You possess an exceptional clarity of mind. [potion of mutation]
   138 | D        | Killed a hellion
   149 | D        | Killed a white draconian scorcher
   154 | D        | Reached skill level 6 in Spellcasting
   154 | D        | Reached XP level 3. HP: 19/19 MP: 5/12
   157 | D        | Killed a white draconian scorcher
   159 | D        | Learned a level 3 spell: Conjure Flame
   163 | D        | Learned a level 3 spell: Inner Flame
   163 | D        | Killed a yaktaur
   195 | D        | Killed a hellion
   206 | D        | Noticed a water elemental
   208 | D        | Killed a water elemental
   208 | D        | Reached skill level 8 in Spellcasting
   208 | D        | Reached skill level 5 in Fire Magic
   208 | D        | Reached XP level 4. HP: 24/24 MP: 7/16
   214 | D        | Learned a level 4 spell: Sticky Flame
   222 | D        | Killed a hellion
   232 | D        | Killed a hellion
   266 | D        | Found a radiant altar of Vehumet.
   267 | D        | Found a deep blue altar of Sif Muna.
   267 | D        | Found an ancient bone altar of Kikubaaqudgha.
   267 | D        | Noticed a wizard
   270 | D        | Killed a wizard
   270 | D        | Reached skill level 9 in Spellcasting
   270 | D        | Reached skill level 5 in Conjurations
   272 | D        | Noticed a neqoxec
   282 | D        | Became a worshipper of Vehumet
   404 | D        | Found a glowing silver altar of Zin.
   405 | D        | Found a glowing golden altar of the Shining One.
   405 | D        | Found a white marble altar of Elyvilon.
   405 | D        | Noticed a deep elf mage
   430 | D        | Killed from afar by a deep elf mage

Vault maps used:
D:        dungeon_sprint_mu

Skill      XL: |  1  2  3  4 |
---------------+-------------+-----
Spellcasting   | 5 6 8 9 |  9.6
Conjurations   | 2 3 4 5 |  5.4
Fire Magic     | 4 5 6 |  6.2
Dodging        | |  2.4
Stealth        | |  2.4

Action                   |  1- 3 |  4- 6 || total
-------------------------+-------+-------++-------
Melee: Dagger            |       |     1 ||     1
 Cast: Flame Tongue      |    17 |     3 ||    20
       Throw Flame       |     1 |       ||     1
       Conjure Flame     |     1 |       ||     1
       Sticky Flame      |       |     3 ||     3
  Use: Scroll            |     5 |       ||     5
       Potion            |     2 |     1 ||     3
 Stab: Sleeping          |       |     1 ||     1
Dodge: Dodged            |       |     3 ||     3

Table legend:
 A = Spawn XP
 B = Non-spawn XP
 C = Spawn XP percentage of total XP
 D = Spawn monster count
 E = Non-spawn monster count
 F = Spawn count percentage of total count
 G = Total turns spent on level
                    A         B        C        D         E        F      G
               +---------+---------+-------+---------+---------+-------+---------
         Total |       0 |     193 |   0.0 |       0 |       9 |   0.0 |   430
               +---------+---------+-------+---------+---------+-------+---------
             D |       0 |     193 |   0.0 |       0 |       9 |   0.0 |   430
               +---------+---------+-------+---------+---------+-------+---------
